Map: [ESL] Pride of Altaris

Players

Maru

  • Race: Terran Terran

Serral - Winner!

  • Race: Zerg Zerg

Event: IEM Katowice 2022

VOD

https://youtu.be/CsptbsdTWLw

Description

Time

  • Played on: Feb. 26, 2022, 3:55 p.m.
  • Length: 16:28

All games in this series

Show
View Real Time Build Order
Export as new Build Order

Maru Terran 

Build Orders: Reaper Expand 

Get SALT Encoding   

  12  0:00  SCV  
  13  0:12  SCV  
  14  0:16  Supply Depot  
  14  0:24  SCV  
  15  0:38  SCV  
  15  0:40  Barracks  
  16  0:43  Refinery  
  16  0:50  SCV  
  17  1:02  SCV  
  18  1:14  SCV  
  19  1:26  Reaper, Orbital Command  
  20  1:39  Command Center  
  20  1:48  Supply Depot  
  20  1:52  SCV  
  21  2:00  Marine  
  22  2:04  SCV  
  22  2:08  Factory  
  23  2:16  SCV  
  23  2:20  Barracks Reactor  
  24  2:28  SCV  
  25  2:40  SCV  
  25  2:43  Command Center  
  26  2:51  Orbital Command  
  26  2:52  SCV  
  27  3:03  Barracks  
  27  3:04  SCV  
  28  3:10  Hellion  
  28  3:12  Hellion  
  32  3:15  Barracks Tech Lab  
  32  3:17  SCV  
  32  3:18  SCV  
  34  3:26  Refinery  
  34  3:29  SCV  
  34  3:33  Hellion x2  
  39  3:36  SCV  
  39  3:37  Stimpack  
  39  3:39  Marine  
  41  3:44  SCV  
  42  3:48  SCV  
  43  3:56  SCV, Starport  
  43  3:58  Orbital Command  
  43  4:00  Marine x3  
  47  4:06  Factory Reactor  
  47  4:07  Supply Depot  
  47  4:09  SCV x2  
  49  4:20  Refinery  
  49  4:21  SCV x2, Marine x2  
  53  4:25  Marine  
  53  4:31  SCV  
  55  4:33  Supply Depot  
  55  4:34  SCV, Medivac  
  55  4:36  Armory  
  58  4:39  Marine x2  
  58  4:42  SCV, Marine  
  62  4:47  Orbital Command  
  62  4:48  Hellion x2  
  62  4:50  SCV  
  67  4:54  Supply Depot  
  67  4:56  SCV  
  67  4:58  Engineering Bay  
  67  4:59  Engineering Bay  
  68  5:03  Marine x3  
  71  5:08  SCV  
  71  5:11  Barracks  
  72  5:15  Starport Reactor  
  72  5:17  SCV  
  72  5:18  Supply Depot, Factory Tech Lab  
  72  5:19  Combat Shield  
  72  5:20  Marine  
  74  5:25  Terran Infantry Weapons Level 1  
  74  5:26  Terran Infantry Armor Level 1  
  74  5:28  SCV  
  75  5:30  SCV  
  75  5:34  SCV  
  77  5:37  Refinery  
  77  5:40  Marine  
  77  5:41  Marine x2  
  80  5:44  SCV  
  80  5:47  SCV  
  80  5:48  SCV  
  74  5:55  Siege Tank  
  74  5:56  SCV  
  68  5:58  Marine  
  68  5:59  SCV, Marine x2, Medivac  
  68  6:00  SCV  
  68  6:03  Marine x2  
  77  6:07  Supply Depot  
  77  6:09  SCV  
  77  6:11  Medivac  
  80  6:15  SCV x2  
  80  6:16  Marine x2  
  84  6:21  SCV  
  85  6:27  SCV x2  
  85  6:28  Barracks  
  85  6:29  Barracks  
  85  6:30  Supply Depot  
  90  6:32  Siege Tank  
  90  6:33  SCV, Marine x2  
  90  6:39  SCV x2  
  95  6:40  Marine x2  
  95  6:42  Supply Depot, Marine  
  95  6:45  SCV  
  99  6:50  Refinery  
  99  6:51  SCV x2  
  99  6:52  Marine x2, Medivac  
  105  6:55  Supply Depot  
  105  6:57  SCV  
  106  7:03  SCV x2  
  106  7:04  Siege Tank  
  111  7:09  Marine x3  
  111  7:14  Marine x2  
  116  7:18  Barracks Reactor x2  
  116  7:19  SCV  
  116  7:20  Factory  
  116  7:22  SCV  
  118  7:25  Supply Depot x2  
  118  7:27  Marine x3  
  121  7:36  Marine x2  
  123  7:38  SCV  
  123  7:40  Command Center  
  114  7:45  Marine x2, Terran Infantry Weapons Level 2  
  114  7:46  SCV, Terran Infantry Armor Level 2  
  114  7:50  SCV  
  114  7:51  Orbital Command  
  106  7:58  SCV  
  106  8:02  SCV  
  103  8:10  SCV  
  96  8:14  SCV, Marine x3  
  96  8:16  Siege Tank  
  96  8:18  SCV  
  92  8:21  Marine x2  
  92  8:23  SCV  
  92  8:25  Drilling Claws, Factory Reactor  
  92  8:26  SCV  
  96  8:28  Medivac x2  
  96  8:30  SCV  
  101  8:35  SCV  
  101  8:38  SCV  
  103  8:41  Command Center  
  103  8:45  Marine  
  103  8:46  Marine x8  
  103  8:47  SCV  
  113  8:51  Terran Vehicle And Ship Armor Level 1  
  113  8:52  SCV  
  113  8:53  SCV  
  115  9:01  Siege Tank  
  120  9:02  Widow Mine  
  120  9:03  Widow Mine, SCV, Marine  
  120  9:07  Medivac  
  120  9:08  Medivac  
  126  9:10  Barracks  
  126  9:11  Barracks  
  126  9:12  Barracks  
  126  9:16  SCV x2  
  119  9:17  SCV  
  119  9:22  Missile Turret  
  120  9:25  Marine x3  
  122  9:31  Supply Depot  
  122  9:37  Supply Depot  
  122  9:48  Supply Depot  
  120  9:53  Widow Mine x3, SCV x3  
  120  9:55  Marine x2  
  131  10:02  Barracks Tech Lab  
  131  10:03  Barracks Tech Lab  
  131  10:04  Barracks Tech Lab  
  131  10:05  SCV x3  
  131  10:06  Terran Infantry Weapons Level 3  
  133  10:15  Widow Mine x2  
  133  10:17  SCV x3  
  133  10:18  Widow Mine  
  140  10:22  Planetary Fortress  
  140  10:28  Terran Infantry Armor Level 3  
  140  10:29  SCV x3  
  140  10:32  Marauder x4  
  140  10:33  Concussive Shells  
  140  10:35  Supply Depot  
  148  10:41  SCV x2  
  139  10:44  Marine x2  
  141  10:53  Marauder x2  
  141  10:54  Widow Mine x2, Marauder, Siege Tank  
  154  10:57  Supply Depot  
  154  10:59  Missile Turret  
  154  11:01  Marauder  
  154  11:03  Marine x2  
  157  11:15  Marine x2, Marauder x3  
  157  11:17  SCV x2  
  157  11:18  SCV x2  
  168  11:19  Sensor Tower  
  168  11:22  Marauder  
  170  11:26  Siege Tank  
  170  11:30  Ghost Academy  
  170  11:31  Supply Depot  
  173  11:34  Command Center  
  173  11:36  Marauder  
  173  11:37  Marine, Marauder x2  
  180  11:48  Supply Depot  
  180  11:52  Marine x6, Marauder  
  179  12:03  Marauder  
  173  12:10  Widow Mine x2, Marauder x2  
  181  12:17  Command Center  
  181  12:21  Medivac  
  181  12:24  Medivac  
  181  12:25  Marauder  
  181  12:29  Supply Depot  
  181  12:43  Marauder  
  180  12:44  Marauder x2, Marine  
  180  12:45  Marine  
  180  12:46  Marauder  
  180  12:48  Marine x3  
  161  12:51  Medivac  
  161  12:54  Medivac  
  161  12:55  Orbital Command  
  161  12:57  SCV x2  
  141  13:00  Marine x3  
  141  13:02  Widow Mine  
  141  13:04  Ghost  
  141  13:05  Marauder  
  150  13:06  Widow Mine, Marauder  
  150  13:08  Marauder  
  150  13:09  SCV x2  
  158  13:17  Personal Cloaking  
  158  13:20  Widow Mine  
  158  13:22  Marine  
  158  13:23  Widow Mine, Marine x3  
  158  13:24  SCV  
  158  13:26  Marauder  
  169  13:27  Widow Mine  
  169  13:32  Marauder  
  162  13:41  Widow Mine  
  162  13:45  Widow Mine  
  154  13:50  Ghost  
  154  13:51  Marine x4  
  148  14:02  SCV  
  145  14:03  SCV x2  
  147  14:14  SCV  
  147  14:15  SCV x2  
  150  14:20  Missile Turret  
  148  14:26  SCV  
  148  14:27  SCV x2  
  148  14:29  Ghost x2  
  148  14:30  Ghost, Marine  
  143  14:38  SCV  
  143  14:39  SCV  
  143  14:40  SCV  
  143  14:44  Marine x3  
  143  14:45  Marauder  
  151  14:52  SCV  
  147  15:00  Ghost  
  147  15:03  SCV  
  112  15:15  Ghost x2  
  112  15:16  Marine x3  
  112  15:17  Widow Mine x2  
  112  15:21  SCV x3  
  125  15:26  Marine x3, Marauder  
  125  15:28  Orbital Command  
  129  15:30  Marauder  
  129  15:33  SCV x2  
  129  15:34  Marine x2  
  129  15:35  Marine x2  
  137  15:40  Widow Mine x2  
  137  15:41  Widow Mine  
  143  15:45  Marauder x2  
  143  15:48  Marauder  
  139  15:53  SCV  
  139  15:54  SCV x3  
  140  16:02  Marine x2  
  140  16:03  Marauder  
  135  16:05  SCV  
  135  16:06  Marauder  
  135  16:08  Marine  
Show
View Real Time Build Order
Export as new Build Order

Serral Zerg - Winner!

Build Orders: Hatch First, Lurkers 

Get SALT Encoding   

  12  0:00  Drone  
  13  0:12  Overlord  
  13  0:16  Drone  
  14  0:30  Drone x2  
  16  0:47  Hatchery  
  15  0:51  Drone  
  15  0:54  Drone  
  17  0:57  Drone  
  18  1:08  Extractor  
  17  1:13  Spawning Pool  
  17  1:15  Drone  
  17  1:19  Drone  
  18  1:27  Drone  
  19  1:38  Drone  
  20  1:49  Overlord  
  20  1:59  Queen x2  
  20  2:00  Zergling x4  
  26  2:10  Drone x2  
  26  2:11  Metabolic Boost  
  28  2:20  Drone  
  28  2:21  Drone  
  30  2:31  Drone  
  30  2:33  Drone  
  30  2:35  Queen  
  33  2:43  Overlord  
  34  2:44  Drone  
  34  2:53  Pneumatized Carapace  
  34  2:54  Drone  
  35  3:00  Hatchery  
  35  3:04  Drone  
  35  3:06  Overlord  
  35  3:13  Drone x2  
  35  3:14  Drone x2  
  35  3:17  Drone  
  35  3:18  Drone  
  41  3:21  Drone  
  41  3:26  Queen  
  44  3:35  Queen  
  44  3:36  Overlord  
  44  3:38  Drone  
  44  3:39  Drone  
  44  3:41  Drone  
  49  3:45  Overlord  
  49  3:49  Drone x2  
  49  3:53  Overlord  
  51  3:55  Zergling x2  
  51  3:56  Zergling x2  
  51  3:57  Drone x2  
  55  4:03  Drone  
  55  4:09  Zergling x2  
  57  4:12  Drone, Zergling x2  
  57  4:13  Zergling x2  
  57  4:14  Queen  
  57  4:17  Drone x4  
  66  4:19  Queen  
  68  4:26  Zergling x2  
  68  4:28  Drone x2, Overlord  
  71  4:37  Zergling x2  
  71  4:38  Drone, Overlord  
  72  4:43  Lair  
  72  4:45  Baneling Nest, Extractor  
  71  4:49  Zergling x2  
  71  4:51  Drone x7  
  79  4:54  Queen  
  79  4:59  Queen  
  83  5:02  Zergling x4  
  83  5:04  Drone x2  
  87  5:10  Extractor  
  87  5:11  Extractor  
  85  5:17  Overlord, Zergling x2  
  85  5:18  Drone x3  
  89  5:28  Baneling  
  89  5:29  Baneling x4, Zergling x2  
  89  5:30  Zergling x4  
  89  5:31  Hatchery  
  89  5:32  Drone x5  
  89  5:34  Overlord  
  96  5:38  Overlord  
  93  5:52  Zergling x10  
  93  5:54  Drone  
  93  5:55  Drone  
  96  5:58  Centrifugal Hooks, Hydralisk Den, Extractor  
  96  5:59  Baneling x6  
  96  6:02  Queen  
  96  6:05  Drone x3  
  96  6:06  Drone  
  96  6:07  Overseer, Evolution Chamber x2  
  96  6:11  Zergling x8  
  100  6:18  Overlord  
  102  6:19  Zergling x8  
  102  6:21  Overlord x2  
  106  6:27  Baneling x3  
  106  6:31  Overlord  
  106  6:34  Zerg Ground Armor Level 1, Zerg Melee Weapons Level 1  
  106  6:41  Baneling  
  106  6:44  Queen  
  106  6:45  Drone x9  
  116  6:47  Muscular Augments  
  116  6:50  Overlord  
  116  6:53  Zergling x2  
  116  6:54  Zergling x8  
  121  6:58  Zergling x6  
  124  7:05  Baneling x8  
  124  7:07  Zergling x6  
  127  7:12  Zergling x2  
  128  7:16  Overlord x2  
  128  7:18  Zergling x14  
  135  7:23  Baneling x3  
  135  7:27  Overlord  
  135  7:28  Zergling x2  
  136  7:33  Overlord  
  136  7:43  Zergling x12  
  136  7:44  Zergling x4  
  141  7:58  Zergling x26  
  140  8:02  Queen x4  
  128  8:13  Zergling x12  
  128  8:16  Extractor  
  122  8:20  Baneling x14  
  122  8:21  Drone  
  122  8:23  Zergling x14  
  130  8:36  Grooved Spines  
  130  8:37  Zergling x10  
  143  8:41  Baneling  
  143  8:42  Baneling x3  
  143  8:43  Hatchery  
  143  8:45  Zerg Melee Weapons Level 2  
  143  8:46  Zerg Ground Armor Level 2  
  143  8:48  Zergling x12  
  140  9:02  Zergling x14  
  144  9:03  Baneling x10  
  144  9:10  Extractor  
  144  9:11  Spore Crawler  
  142  9:17  Drone x3  
  142  9:20  Zergling x16  
  149  9:26  Zergling x10  
  149  9:30  Drone  
  149  9:31  Infestation Pit, Drone x2  
  151  9:34  Overlord x4  
  152  9:39  Burrow  
  152  9:41  Overseer  
  152  9:43  Baneling x5, Overlord  
  152  9:45  Drone x3  
  153  9:50  Hatchery  
  153  9:51  Zergling x12  
  154  9:58  Hydralisk x5  
  164  10:07  Hydralisk x6, Hive  
  174  10:17  Drone x8  
  175  10:27  Queen  
  170  10:32  Hydralisk x2  
  170  10:33  Hydralisk x2, Zergling x6  
  170  10:34  Zergling x14  
  188  10:39  Zergling x8  
  188  10:42  Queen x2  
  192  10:49  Zergling x16  
  200  10:51  Baneling x7  
  200  10:56  Baneling x10  
  200  10:57  Baneling x13  
  198  11:13  Baneling x11, Lurker Den  
  198  11:14  Zergling x20, Extractor  
  198  11:16  Overseer x2  
  199  11:20  Extractor  
  198  11:28  Zerg Missile Weapons Level 1  
  198  11:34  Zerg Ground Armor Level 3  
  198  11:37  Zergling x4  
  186  11:57  Zergling x42  
  187  12:05  Hatchery, Zergling x20  
  197  12:10  Hatchery  
  197  12:14  Seismic Spines  
  196  12:15  Baneling  
  196  12:16  Baneling x4  
  196  12:17  Overseer, Viper  
  196  12:20  Viper  
  200  12:26  Zergling x4  
  199  12:36  Drone  
  191  12:49  Hydralisk x3  
  171  12:53  Zergling x44  
  171  12:56  Zergling x2  
  180  13:10  Drone x6  
  180  13:11  Adaptive Talons  
  180  13:12  Lurker x12  
  198  13:14  Baneling x12  
  198  13:18  Spore Crawler, Zergling x10  
  198  13:20  Spore Crawler  
  198  13:23  Extractor  
  198  13:25  Drone  
  197  13:29  Extractor  
  196  13:40  Zergling x20  
  196  13:41  Zergling x12  
  186  13:53  Drone  
  186  13:54  Drone  
  188  13:59  Zergling x24  
  200  14:08  Baneling x7  
  200  14:09  Baneling x6  
  197  14:18  Nydus Network  
  192  14:27  Viper  
  190  14:32  Zergling x18  
  196  14:46  Zergling x6  
  196  14:50  Overseer  
  185  15:03  Viper x2  
  144  15:07  Zergling x60  
  144  15:08  Zergling x14  
  163  15:16  Zergling x6  
  161  15:21  Zergling x10  
  161  15:22  Zergling x4  
  161  15:26  Lurker x5  
  173  15:30  Baneling x10  
  173  15:32  Zergling x20  
  173  15:33  Baneling x17  
  173  15:34  Baneling x5  
  182  15:39  Hydralisk x2  
  182  15:40  Zergling x2  
  184  15:50  Zergling x20  
  184  15:51  Hatchery  
  191  15:58  Hatchery, Zergling x6  
  191  15:59  Zergling x12  
  190  16:10  Zergling x24  

Tags
 
Add a new tag
Caveats
  • Supply blocks, unpowered buildings, or Contaminate may cause inaccurate times.
  • Supply counts are checked every 10 seconds.